 Dungeon Sprint DCSS version 0.30-a0-840-ga523dec638 (webtiles) character file.

Game seed: 11888719395275397043

6 NinjaNoafa the Grasshopper (level 1, -2/11 HPs)
             Began as a Spriggan Warper on Mar 2, 2023.
             Was a Follower of Uskayaw.
             Killed from afar by a white imp (12 damage)
             ... with a puff of frost
             ... in the Dungeon (Sprint VII: "The Pits").
             The game lasted 00:02:34 (146 turns).

NinjaNoafa the Grasshopper (Spriggan Warper)         Turns: 146, Time: 00:02:34

Health: -2/11      AC:  2    Str:  7    XL:     1   Next: 75%
Magic:  5/5        EV: 17    Int: 14    God:    Uskayaw [*.....]
Gold:   0          SH:  0    Dex: 14    Spells: 6/6 levels left

rFire   . . .      SeeInvis +    a - +2 dagger
rCold   . . .      Faith    .    (no shield)
rNeg    . . .      Spirit   .    n - +0 robe
rPois   .          Reflect  .    (helmet restricted)
rElec   .          Harm     .    (no cloak)
rCorr   .          Rampage  .    (gloves unavailable)
Will    .....      NoTele   +    (boots unavailable)
Stlth   ++                       (no amulet)
HPRegen 0.21/turn                (no ring)
MPRegen 0.09/turn                (no ring)

@: very quick
A: very small, no large weapons, unfitting armour, see invisible, speed 3
a: Renounce Religion, Stomp


You were in the Dungeon.
You worshipped Uskayaw.
Uskayaw was noncommittal.
You visited 1 branch

Inventory:

Hand Weapons
 a - a +2 dagger (weapon)
 b - a +2 falchion
Missiles
 d - 7 boomerangs of dispersal (quivered)
Armour
 n - a +0 robe (worn)
Scrolls
 c - 2 scrolls of blinking
 k - 5 scrolls of amnesia
 l - a scroll of summoning
 m - 2 scrolls of vulnerability
Potions
 e - a potion of curing
 f - a potion of heal wounds
 g - a potion of haste
 h - 4 potions of magic
 i - 3 potions of berserk rage
 j - 2 potions of invisibility


   Skills:
 + Level 1.8 Fighting
 + Level 2.5 Short Blades
 - Level 1.0 Throwing
 + Level 3.5 Dodging
 + Level 3.6 Stealth
 + Level 3.0 Spellcasting
 + Level 4.7 Translocations
 + Level 0.0 Invocations


You had 6 spell levels left.
You didn't know any spells.
Your spell library contained the following spells:

 Spells                   Type           Power      Damage    Failure   Level
 Blink                    Tloc           30%        N/A       4%          2
 Lesser Beckoning         Tloc           30%        N/A       4%          2
 Teleport Other           Tloc           15%        N/A       9%          3
 Vhi's Electric Charge    Tloc/Air       16%        N/A       24%         3
 Manifold Assault         Tloc           15%        N/A       30%         4


Dungeon Overview and Level Annotations

Branches:
Dungeon (1/1)

Altars:
Ashenzari
Cheibriados
Dithmenos
Elyvilon
Fedhas
Gozag
Hepliaklqana
Kikubaaqudgha
Makhleb
Nemelex Xobeh
Okawaru
Qazlal
Ru
Sif Muna
Trog
Uskayaw
Vehumet
Wu Jian
Xom
Yredelemnul
Zin
The Shining One
Jiyva
Lugonu


Innate Abilities, Weirdness & Mutations

You are very small and have problems with some larger weapons.
You are too small for most types of armour.
You have supernaturally acute eyesight. (SInv)
You cover ground extremely quickly. (Speed+++)


Message History

There is an open door here.
You open the door. 2 goblins come into view.
Unknown command.
There is an open door here.
The helpless goblin fails to defend itself.
You puncture the goblin!
You kill the goblin!
Your Stealth skill increases to level 2!
You hit the goblin.
You kill the goblin!
You can now stomp with the beat.
Your Stealth skill increases to level 3!
You see here a +0 dagger.
Things that are here:
a +0 dagger; a goblin corpse You open the large door.
A ball python zombie comes into view.
Unknown command.
A frilled lizard, an adder and a white imp come into view.
There is a large open door here.
Unknown command.
There is a large open door here.
Unknown command.
The white imp shouts, "Get thee gone, thou pottle-deep miscreant shrunken violet!"
Unknown command.
Unknown command.
The adder bites you.
The frilled lizard hisses angrily.
The ball python zombie misses you.
The ball python zombie closely misses you.
There is a large open door here.
Things that are here:
a +0 dagger; a goblin corpse
There is an open door here.
Okay, then.
The white imp gestures at you. The puff of frost hits you!
Ouch! That really hurt!
You die...

#_________.#
#_______...###########++
##########'##...........
#..(.')))'.##......#..#
##########.##..........
#...........'...........
#+#####'#####......#..#.
#..#..)'.##...........
#..#)..#@#####'#####+
#.l#####.##.......#
#.ZS5.)#.##.......#
#..'.).5.##.......#
#..########...<...# #..+
#.......# #..# #.......#
#### #.......# #########


You could see a white imp.

Vanquished Creatures
  3 goblins (D)
  A quokka (D)
  A kobold (D)
5 creatures vanquished.

Notes
Turn   | Place    | Note
-------+----------+-------------------------------------------
     0 | D        | NinjaNoafa the Spriggan Warper began the quest for the Orb.
     0 | D        | Reached XP level 1. HP: 10/10 MP: 5/5
    12 | D        | Reached skill level 1 in Stealth
    39 | D        | Found a bloodstained altar of Trog.
    39 | D        | Found a shimmering blue altar of Sif Muna.
    39 | D        | Found a viscous altar of Jiyva.
    39 | D        | Found a hazy altar of Hepliaklqana.
    39 | D        | Found an opulent altar of Gozag.
    40 | D        | Found a glowing golden altar of the Shining One.
    40 | D        | Found a glowing silver altar of Zin.
    40 | D        | Found a basalt altar of Yredelemnul.
    40 | D        | Found a shimmering altar of Xom.
    40 | D        | Found an ornate altar of the Wu Jian Council.
    40 | D        | Found a sacrificial altar of Ru.
    40 | D        | Found a stormy altar of Qazlal.
    40 | D        | Found an iron altar of Okawaru.
    40 | D        | Found a sparkling altar of Nemelex Xobeh.
    40 | D        | Found a burning altar of Makhleb.
    40 | D        | Found a blossoming altar of Fedhas.
    40 | D        | Found a white marble altar of Elyvilon.
    40 | D        | Found a shadowy altar of Dithmenos.
    40 | D        | Found a snail-covered altar of Cheibriados.
    41 | D        | Found a radiant altar of Vehumet.
    41 | D        | Found a corrupted altar of Lugonu.
    42 | D        | Found a hide-covered altar of Uskayaw.
    42 | D        | Found an ancient bone altar of Kikubaaqudgha.
    42 | D        | Found a broken altar of Ashenzari.
    47 | D        | Became a worshipper of Dithmenos the Shadowed
   101 | D        | Fell from the grace of Dithmenos
   101 | D        | Became a worshipper of Uskayaw the Reveller
   126 | D        | Reached * piety under Uskayaw
   146 | D        | Killed from afar by a white imp

Illustrated notes

Levels and vault maps discovered:
D:        pitsprint [storerooms_1, entrance_room_1, metal_vault_2, armoury_1,
          mini_pit_1, grid_room_1, main_hall_1, silver_pit, the_coven_3,
          the_vestibule_1, steel_vault_4, golden_pit, hallway_of_sentries,
          crystal_vault_1, iron_vault_5, final_vault]

Skill      XL: |  1 |
---------------+----+-----
Stealth        | 3 |  3.6
Spellcasting   | 3 |  3.0
Fighting       | |  1.8
Short Blades   | |  2.5
Throwing       | |  1.0
Dodging        | |  3.5
Translocations | |  4.7

Action                     || total
---------------------------++-------
  Melee: Dagger            ||     4
         Short sword       ||     1
   Stab: Sleeping          ||     4
  Dodge: Dodged            ||     2

Table legend: (Time is in decaauts)
 A = Elapsed time spent in this place.
 B = Non-inter-level travel time spent in this place.
 C = Inter-level travel time spent in this place.
 D = Time resting spent in this place.
 E = Time spent auto-exploring this place.
 F = Levels seen in this place.
 G = Mean time per level.
                   A        B        C        D        E       F      G
               +--------+--------+--------+--------+--------+-----+--------+
         Total |     95 |     67 |     28 |      0 |      0 |   1 |   95.0 |
       Dungeon |     95 |     67 |     28 |      0 |      0 |   1 |   95.0 |
               +--------+--------+--------+--------+--------+-----+--------+

Top non-repeatable levels by time:
       D: 95 daAuts
